 Dungeon Crawl Stone Soup version 0.29-a0-243-g602b31c20e (webtiles) character file.

Game seed: 5977015716101238129

5 tsouns the Grave Robber (level 1, -2/15 HPs)
             Began as a Formicid Wanderer on Mar 4, 2022.
             Slain by a gnoll
             ... wielding a +0 spear
              (5 damage)
             ... on level 1 of the Dungeon.
             The game lasted 00:01:49 (335 turns).

tsouns the Grave Robber (Formicid Wanderer)          Turns: 335, Time: 00:01:50

Health: -2/15      AC:  7    Str: 14    XL:     1   Next: 88%
Magic:  0/2        EV:  9    Int: 16    God:
Gold:   26         SH:  0    Dex:  7    Spells: 0/2 levels left

rFire   . . .      SeeInvis +   a - +0 club
rCold   . . .      Faith    .   (no shield)
rNeg    . . .      Spirit   +   b - +0 scale mail
rPois   .          Reflect  .   (helmet unavailable)
rElec   .          Harm     .   (no cloak)
rCorr   .          Rampage  .   d - +0 pair of gloves
Will    .....                   (no boots)
Stlth   ..........              f - amulet of guardian spirit
HPRegen 0.05/turn               (no ring)
MPRegen 0.08/turn               (no ring)

@: very slightly contaminated
A: permanent stasis, dig shafts and tunnels, antennae 3, four strong arms
a: Dig, Shaft Self


You were on level 1 of the Dungeon.
You visited 1 branch of the dungeon, and saw 1 of its levels.

You collected 26 gold pieces.

Inventory:

Hand Weapons
 a - a +0 club (weapon)
Armour
 b - a +0 scale mail (worn)
 d - a +0 pair of gloves (worn)
Jewellery
 f - an amulet of guardian spirit (around neck)
Scrolls
 e - a scroll of fear {unknown}
Potions
 c - a potion of ambrosia {unknown}
 g - a potion of might {unknown}


   Skills:
 + Level 1.1 Fighting
 * Level 0.8 Maces & Flails
 - Level 2.2 Armour
 - Level 1.3 Stealth
 - Level 1.1 Spellcasting
 - Level 3.0 Necromancy
 - Level 2.0 Ice Magic


You couldn't memorise any spells.
You knew the following spells:

 Your Spells              Type           Power      Damage    Failure   Level
a - Pain                  Necr           40%        1d6       26%         1
b - Freeze                Ice            28%        1d5       38%         1

Your spell library contained the following spells:

 Spells                   Type           Power      Damage    Failure   Level
 Vampiric Draining        Necr           10%        2d6       63%         3
 Ozocubu's Armour         Ice            7%         N/A       77%         3
 Dispel Undead            Necr           10%        3d9       95%         4


Dungeon Overview and Level Annotations

Branches:
Dungeon (1/15)

Altars:


Innate Abilities, Weirdness & Mutations

You cannot be hasted, slowed, berserked, paralysed or teleported.
You can dig through walls and to a lower floor.
You have a pair of large antennae on your head. (SInv)
Your four strong arms can wield two-handed weapons with a shield.


Message History

No target in view!
No target in view!
No target in view!
No target in view!
Things that are here:
a +0 club; a goblin corpse You now have 26 gold pieces (gained 7).
You sense a monster nearby.
g - a murky emerald potion
Found a runed hat.
Found 19 gold pieces.
You see here a +0 hat of stealth.
A gnoll comes into view. It is wielding a +0 spear.
The gnoll shouts!
The gnoll misses you. The gnoll hits you with a +0 spear.
Casting: Pain (safe; 26% risk of failure)
Confirm with . or Enter, or press ? or * to list all spells.
Aiming: Freeze (safe; 38% risk of failure)
Press: ? - help, Shift-Dir - straight line, f - gnoll
Aim: a gnoll, wielding a +0 spear You miscast Freeze.
You are very lightly contaminated with residual magic.
Nothing appears to happen.
The gnoll closely misses you.
Casting: Freeze (safe; 38% risk of failure)
Confirm with . or Enter, or press ? or * to list all spells.
Aiming: Freeze (safe; 38% risk of failure)
Press: ? - help, Shift-Dir - straight line, f/p - gnoll
Aim: a gnoll, wielding a +0 spear You miscast Freeze.
Nothing appears to happen.
The gnoll hits you with a +0 spear.
You hit the gnoll but do no damage. The gnoll hits you with a +0 spear.
You are too injured to fight recklessly!
You are too injured to fight recklessly!
You are too injured to fight recklessly!
You are too injured to fight recklessly!
You barely miss the gnoll. The gnoll hits you with a +0 spear.
* * * LOW HITPOINT WARNING * * *
You hit the gnoll but do no damage. The gnoll hits you with a +0 spear.
You die...

... #.....#
#....# ..
#.....#
#....# ..#
#.....#
#....# ..
#.....#
#....# #.
#.....#
#.##....##
#.g#.####
#.#.# #..@#
..###g.###
..........#
$..####.#[#
. #+#+#


You could see a gnoll.

Vanquished Creatures
  A goblin (D:1)
  A hobgoblin (D:1)
  A frilled lizard (D:1)
  2 kobolds (D:1)
5 creatures vanquished.

Notes
Turn   | Place    | Note
-------+----------+-------------------------------------------
     0 | D:1      | tsouns the Formicid Wanderer began the quest for the Orb.
     0 | D:1      | tsouns set off with the following items: a +0 club, a +0
                  | scale mail; and the following spells available to memorise:
                  | Pain, Freeze, Vampiric Draining, Ozocubu's Armour, Dispel
                  | Undead
     0 | D:1      | Reached XP level 1. HP: 15/15 MP: 2/2
     2 | D:1      | Learned a level 1 spell: Pain
     4 | D:1      | Learned a level 1 spell: Freeze
   335 | D:1      | Slain by a gnoll

Illustrated notes

Levels and vault maps discovered:
D:1:      nzn_arrival_depleted_hourglass, layout_basic

Action                   || total
-------------------------++-------
Melee: Club              ||    21
 Cast: Pain              ||     2
Armor: Scale mail        ||     9
Dodge: Dodged            ||    13

Table legend: (Time is in decaauts)
 A = Elapsed time spent in this place.
 B = Non-inter-level travel time spent in this place.
 C = Inter-level travel time spent in this place.
 D = Time resting spent in this place.
 E = Time spent auto-exploring this place.
 F = Levels seen in this place.
 G = Mean time per level.
                   A        B        C        D        E       F      G
               +--------+--------+--------+--------+--------+-----+--------+
         Total |    341 |    341 |      0 |      0 |    236 |   1 |  341.0 |
       Dungeon |    341 |    341 |      0 |      0 |    236 |   1 |  341.0 |
               +--------+--------+--------+--------+--------+-----+--------+

Top non-repeatable levels by time:
     D:1: 341 daAuts
